AoeStats
← 陟遐自迩

Black Forest

509031134Analyzed
4v4 RM · 7d ago on Sep 25, 2026· 52m 43s· 8 players
Game mode
Random Map
Map size
Large (8 player)
Population
200
Speed
Normal
Resources
Standard
Victory
Conquest
Starting age
Dark Age
Ending age
Imperial Age
RankedLock teamsTeams togetherTeam positionsShared explorationLock speedFull tech treeHidden civsTurbo modeCheats
Victory
Defeat
🇺🇸 Varangians · United States
1075
+16
🇺🇸 Teutons · United States
1074
+16
🇺🇸 Italians · United States
1007
+20
🇯🇵 Danes · Japan
1006
+20
🇹🇼 Danes · Taiwan
1098
-18
🇨🇳 Khmer · China
1076
-18
🇺🇸 Spanish · United States
1076
-18
🇩🇪 Persians · Germany
1072
-18
rogerthat19
2:53 Loom
11:17 Feudal Age
12:58 Double-Bit Axe
20:21 Castle Age
21:24 Stone Mining
21:49 Bow Saw
21:42 Horse Collar
22:15 Fishing Lines
28:32 Gillnets
31:19 Imperial Age
30:59 Heavy Plow
32:53 Wheelbarrow
34:57 Hand Cart
35:46 Town Watch
39:37 Gold Mining
40:50 Town Patrol
40:52 Onager
yayagaga
1:55 Loom
13:04 Feudal Age
14:41 Double-Bit Axe
14:37 Horse Collar
17:34 Castle Age
19:20 Bow Saw
19:06 Gold Mining
19:10 Stone Mining
22:15 Gold Mining
23:04 Heavy Plow
24:15 Wheelbarrow
23:25 Town Watch
25:49 Coinage
zhuge2021
0:27 Loom
12:32 Feudal Age
13:19 Double-Bit Axe
17:11 Castle Age
18:07 Bow Saw
23:10 Wheelbarrow
23:31 Horse Collar
24:14 Fishing Lines
27:39 Stone Mining
27:41 Gold Mining
28:32 Gillnets
29:41 Stone Shaft Mining
30:59 Gold Shaft Mining
35:31 Imperial Age
33:18 Hand Cart
34:12 Scale Barding Armor
34:18 Forging
33:59 Fletching
35:07 Bloodlines
34:58 Husbandry
34:19 Light Cavalry
37:36 Chemistry
36:00 Heavy Scorpion
37:13 Chain Barding Armor
37:28 Iron Casting
36:57 Heavy Plow
38:58 Conscription
38:40 Tusk Swords
41:41 Hussar
43:05 Plate Barding Armor
43:31 Blast Furnace
43:15 Siege Engineers
43:22 Fortified Wall
46:30 Capped Ram
陟遐自迩
0:53 Loom
12:25 Feudal Age
13:21 Horse Collar
14:21 Fishing Lines
17:33 Double-Bit Axe
20:10 Castle Age
18:03 Stone Mining
19:35 Wheelbarrow
22:17 Bow Saw
23:10 Heavy Plow
28:29 Gillnets
29:28 Gold Mining
30:16 Stone Shaft Mining
32:14 Gold Shaft Mining
33:17 Forging
33:13 Scale Barding Armor
33:12 Devotion
35:55 Imperial Age
33:46 Hand Cart
33:16 Town Watch
36:00 Iron Casting
35:46 Chain Barding Armor
36:47 Crop Rotation
37:24 Two-Man Saw
37:17 Husbandry
37:29 Bloodlines
38:05 Conscription
37:07 Elite War Elephant
39:01 Blast Furnace
38:36 Plate Barding Armor
37:35 Cavalier
42:00 Heavy Camel Rider
44:03 Chemistry
43:24 Ballistics
44:14 Fletching
HazEy1
0:43 Loom
11:26 Feudal Age
12:07 Double-Bit Axe
16:02 Castle Age
16:08 Fletching
17:04 Horse Collar
17:52 Heavy Plow
21:36 Bow Saw
22:49 Wheelbarrow
23:23 Stone Mining
27:17 Hand Cart
31:04 Imperial Age
28:49 Bodkin Arrow
29:23 Ballistics
29:17 Gold Mining
29:19 Town Watch
29:48 Padded Archer Armor
30:51 Careening
30:24 Treadmill Crane
31:15 Forging
31:32 Caravan
32:25 Crop Rotation
32:58 Two-Man Saw
32:20 Conscription
33:02 Bracer
34:04 Chemistry
32:39 Elite Longship
34:51 Iron Casting
34:46 Scale Mail Armor
34:09 Gothikon
35:35 Coinage
35:17 Guilds
35:40 Squires
36:23 Stone Shaft Mining
36:07 Elite Varangian Guard
37:04 Chain Mail Armor
37:50 Blast Furnace
38:52 Dry Dock
40:06 Plate Mail Armor
39:00 Vendel Legacy
39:43 Pikeman
41:32 Banking
41:57 Siege Engineers
42:04 Masonry
43:53 Halberdier
45:39 Elite Jarl
Standing Alone!
1:06 Loom
13:06 Feudal Age
20:25 Castle Age
18:23 Town Watch
19:09 Stone Mining
19:19 Double-Bit Axe
20:32 Horse Collar
21:05 Town Watch
25:17 Ballistics
24:50 Fletching
25:16 Bow Saw
25:44 Treadmill Crane
26:04 Bodkin Arrow
28:01 Padded Archer Armor
28:17 Heavy Plow
30:10 Leather Archer Armor
30:42 Wheelbarrow
31:05 Pikeman
34:29 Gold Mining
37:03 Stone Shaft Mining
38:48 Scale Barding Armor
38:54 Forging
40:09 Chain Barding Armor
41:19 Light Cavalry
42:10 Bloodlines
42:00 Husbandry
43:35 Iron Casting
48:09 Imperial Age
48:55 Bracer
49:27 Ring Archer Armor
50:02 Chemistry
48:25 Elite Genoese Crossbowman
49:27 Conscription
50:11 Hand Cart
51:12 Crop Rotation
50:31 Capped Ram
52:36 Hussar
DanTheMan
2:19 Loom
5:45 Loom
12:47 Feudal Age
13:18 Double-Bit Axe
17:56 Castle Age
16:49 Gold Mining
18:53 Bow Saw
18:54 Fishing Lines
20:24 Gillnets
22:44 Fervor
23:26 Horse Collar
24:18 Sanctity
24:23 Stone Mining
25:46 Masonry
26:23 Stone Shaft Mining
27:34 Wheelbarrow
26:45 Town Watch
28:44 Heavy Plow
29:10 Hand Cart
29:25 Guard Tower
33:08 Imperial Age
31:46 Town Patrol
33:12 Ballistics
33:39 Squires
33:25 Gambesons
33:00 Pikeman
34:44 Forging
34:36 Scale Mail Armor
34:42 Scale Barding Armor
34:39 Caravan
35:10 Coinage
35:15 Crop Rotation
34:58 Cavalier
35:49 Bloodlines
35:05 Halberdier
35:31 Arson
36:49 Chemistry
35:55 Siege Engineers
37:15 Two-Man Saw
37:13 Iron Casting
36:27 Arrowslits
37:09 Paladin
39:24 Conscription
39:43 Hoardings
40:22 Crenellations
40:29 Bombard Tower
41:16 Blast Furnace
40:08 Fletching
42:12 Banking
41:52 Guilds
51:17 Chain Barding Armor
50:53 Bodkin Arrow
51:14 Chain Mail Armor
LWwcnm
11:10 Feudal Age
19:16 Castle Age
17:47 Double-Bit Axe
19:21 Gold Mining
19:26 Stone Mining
19:37 Fishing Lines
21:35 Gillnets
23:27 Wheelbarrow
23:26 Horse Collar
24:56 Bow Saw
25:44 Heavy Plow
26:39 Hand Cart
27:12 Stone Mining
31:52 Imperial Age
30:27 Gold Shaft Mining
31:14 Stone Shaft Mining
32:44 Forging
32:34 Scale Mail Armor
31:58 Onager
33:02 Northmen's Fury
33:50 Siege Onager
35:11 Conscription
39:54 Siege Engineers
40:11 Ballistics
40:51 Chemistry
40:07 Squires
39:28 Pikeman
44:03 Halberdier
44:04 Elite Varangian Guard
44:30 Arson
49:05 Caravan
49:35 Murder Holes
49:51 Masonry
50:00 Chain Mail Armor
50:20 Iron Casting
52:50 Plate Mail Armor
53:21 Blast Furnace
Connection lost

Rejoining the realm…

Still unreachable

The connection could not be restored.

Session expired

The server has moved on; the page needs a fresh start.